 Dungeon Crawl Stone Soup version 0.25-a0-100-g33052ceff8 (console) character file.

Game seed: 11494107159166168074, levelgen mode: deterministic

3558 Kagalorn the Thaumaturge (level 10, -13/73 HPs)
             Began as a Gnoll Wizard on Nov 14, 2019.
             Was an Elder of Cheibriados.
             Mangled by a two-headed ogre
             ... wielding a +0 giant spiked club
              (21 damage)
             ... on level 7 of the Dungeon.
             The game lasted 00:26:57 (8688 turns).

Kagalorn the Thaumaturge (Gnoll Wizard)             Turns: 8688, Time: 00:26:58

Health: -13/73     AC:  4    Str: 18    XL:     10   Next: 9%
Magic:  3/22       EV: 18    Int: 34    God:    Cheibriados [****..]
Gold:   392        SH:  0    Dex: 22    Spells: 17/26 levels left

rFire    . . .     SeeInvis .   u - +0 dagger (venom)
rCold    . . .     Gourm    .   (no shield)
rNeg     . . .     Faith    .   J - +2 robe {MR+}
rPois    .         Spirit   .   b - +0 hat
rElec    .         Reflect  .   (no cloak)
rCorr    .         Harm     .   (no gloves)
MR       +....                  (no boots)
Stlth    ++........             (no amulet)
HPRegen  0.22/turn              (no ring)
MPRegen  0.18/turn              (no ring)

@: confused, very slow
A: distributed training, fangs 1, strong nose
a: Bend Time, Temporal Distortion, Slouch, Renounce Religion


You were on level 7 of the Dungeon.
You worshipped Cheibriados.
Cheibriados was greatly pleased with you.
You were hungry.

You visited 2 branches of the dungeon, and saw 9 of its levels.
You also visited: Sewer.

You collected 392 gold pieces.

Inventory:

Hand Weapons
 u - a +0 dagger of venom (weapon)
 y - a +1 flail of holy wrath
 H - a +1 whip of flaming
 V - a -3 eveningstar
Missiles
 f - 33 sling bullets
 g - 97 arrows
 h - 165 stones (quivered)
 t - 11 bolts
 D - 18 poisoned darts
 I - 7 curare-tipped darts
 Q - 13 javelins
 U - a throwing net
Armour
 b - a +0 hat (worn)
 J - a +2 robe of magic resistance (worn)
 N - a +1 scale mail of poison resistance
 X - a +1 ring mail of cold resistance
Jewellery
 o - a cursed -2 ring of strength {unknown}
 x - a cursed ring of teleportation {unknown}
 z - a cursed amulet of inaccuracy {unknown}
 F - an uncursed amulet of harm {unknown}
 G - an uncursed amulet of harm {unknown}
 W - a cursed amulet of inaccuracy {unknown}
Wands
 a - a wand of digging (3)
 A - a wand of iceblast (6)
 K - a wand of polymorph (6)
Scrolls
 c - 8 scrolls of teleportation {unknown}
 i - 3 scrolls of fear {unknown}
 l - 4 scrolls of remove curse {unknown}
 m - 4 scrolls of amnesia {unknown}
 p - 2 scrolls of magic mapping {unknown}
 q - 2 scrolls of enchant weapon {unknown}
 r - 3 scrolls of fog {unknown}
 s - 4 scrolls of blinking {unknown}
 v - a scroll of immolation {unknown}
 w - 7 scrolls of identify {unknown}
 L - a scroll of noise {unknown}
 T - 3 scrolls of random uselessness {unknown}
Potions
 e - 2 potions of ambrosia
 j - 3 potions of magic {unknown}
 k - 4 potions of curing
 n - 3 potions of agility {unknown}
 B - a potion of lignification {unknown}
 C - 3 potions of brilliance {unknown}
 E - a potion of experience {unknown}
 M - 2 potions of invisibility {unknown}
 O - a potion of might {unknown}
 P - a potion of resistance {unknown}
 R - 2 potions of mutation {unknown}
 S - 2 potions of heal wounds {unknown}
Comestibles
 d - 15 rations


   Skills:
 + Level 4.8 Fighting
 + Level 4.8 Short Blades
 + Level 4.8 Long Blades
 + Level 4.8 Axes
 + Level 4.8 Maces & Flails
 + Level 4.8 Polearms
 + Level 4.8 Staves
 + Level 4.8 Slings
 + Level 4.8 Bows
 + Level 4.8 Crossbows
 + Level 4.8 Throwing
 + Level 4.8 Armour
 + Level 6.7 Dodging
 + Level 6.5 Stealth
 + Level 4.8 Shields
 + Level 4.8 Unarmed Combat
 + Level 8.7 Spellcasting
 + Level 4.6 Conjurations
 + Level 4.0 Hexes
 + Level 4.0 Charms
 + Level 4.6 Summonings
 + Level 4.0 Necromancy
 + Level 4.6 Translocations
 + Level 4.0 Transmutations
 + Level 4.0 Fire Magic
 + Level 4.0 Ice Magic
 + Level 4.0 Air Magic
 + Level 4.0 Earth Magic
 + Level 4.0 Poison Magic
 + Level 5.3 Invocations
 + Level 4.8 Evocations


You had 17 spell levels left.
You knew the following spells:

 Your Spells              Type           Power        Failure   Level  Hunger
a - Magic Dart            Conj           ####         1%          1    None
c - Conjure Flame         Conj/Fire      #####...     1%          3    None
e - Mephitic Cloud        Conj/Pois/Air  #####...     1%          3    None
g - Blink                 Tloc           N/A          1%          2    None

Your spell library contained the following spells:

 Spells                   Type           Power        Failure   Level  Hunger
 Call Imp                 Summ           #####...     1%          2    None
 Slow                     Hex            #####...     1%          2    None


Dungeon Overview and Level Annotations

Branches:
Dungeon (8/15)             Temple (1/1) D:6           Sewer (visited)
   Lair: D:8-11

Altars:
Ashenzari
Cheibriados
Dithmenos
Elyvilon
Hepliaklqana
Kikubaaqudgha
Makhleb
Nemelex Xobeh
Okawaru
Qazlal
Ru
Sif Muna
Trog
Uskayaw
Vehumet
Wu Jian
Xom
Yredelemnul
The Shining One

Shops:
D:4 }

Annotations:
D:4 Menkaure
D:6 3 runed translucent doors, MordorOrchid's ghost, novice MiCK


Innate Abilities, Weirdness & Mutations

Your experience applies equally to all skills.
You have very sharp teeth.
Your uncanny sense of smell can sniff out nearby items.


Message History

Casting: Magic Dart (safe; 1% risk of failure)
Confirm with . or Enter, or press ? or * to list all spells.
Aiming: Magic Dart (safe; 1% risk of failure)
Press: ? - help, Shift-Dir - straight line, f/p - two-headed ogre
Aim: a two-headed ogre, wielding two +0 giant spiked clubs (almost dead)
The magic dart hits the two-headed ogre but does no damage.
The two-headed ogre is almost dead.
Casting: Magic Dart (safe; 1% risk of failure)
Confirm with . or Enter, or press ? or * to list all spells.
Aiming: Magic Dart (safe; 1% risk of failure)
Press: ? - help, Shift-Dir - straight line, f/p - two-headed ogre
Aim: a two-headed ogre, wielding two +0 giant spiked clubs (almost dead)
The magic dart hits the two-headed ogre but does no damage.
The two-headed ogre is almost dead.
You are confused.
You feel invigorated.
The two-headed ogre hits you with a +0 giant spiked club.
* * * LOW HITPOINT WARNING * * *
The two-headed ogre hits you with a +0 giant spiked club!!
You die...

........#........#.#..#.### #
.......###..............#)## ###
.............#<............####..
............##...............##..
........###..............#......^
.....##.##................##.#...
##.####..##.....).........#......
...# ##..##...............##.####
...# #...#......@.............###
##.# #####...<.O....#............
...# #.........#..#>...........
...### #.......###...............
##...# #.#................###....
#....###..>...............###....
.._......#................#.#....
....#..#...##....................
...##..#..#####..................


You could see a two-headed ogre.

Vanquished Creatures
  Pikel (D:4)
  Eustachio (D:5)
  Edmund (D:4)
  A water moccasin (D:7)
  Duvessa (D:5)
  A slave (D:4)
  An ice beast (D:5)
  A phantom (D:6)
  2 sky beasts
  A black bear (D:5)
  3 ogres (D:6)
  3 big kobolds (Sewer)
  3 bullfrogs
  Dowan (D:5)
  5 scorpions
  5 howler monkeys
  2 crimson imps
  2 hounds
  9 orc wizards
  A bullfrog skeleton (D:6)
  An orc priest (D:6)
  4 iguanas
  Ijyb (D:3)
  4 worker ants
  A killer bee zombie (D:6)
  A hound skeleton (D:4)
  3 gnolls (D:6)
  14 adders
  3 river rats
  A shadow imp (D:7)
  4 oozes
  11 worms
  3 dart slugs
  7 leopard geckos
  16 orcs
  17 bats
  11 giant cockroaches
  6 goblins
  9 hobgoblins
  8 jackals
  11 kobolds
  6 quokkas
  5 ball pythons
  6 frilled lizards
  16 rats
214 creatures vanquished.

Vanquished Creatures (others)
  Sigmund (D:4)
  A slave (D:4)
  A fungus (D:6)
3 creatures vanquished.

Grand Total: 217 creatures vanquished

Notes
Turn   | Place    | Note
-------+----------+-------------------------------------------
     0 | D:1      | Kagalorn the Gnoll Wizard began the quest for the Orb.
     0 | D:1      | Reached XP level 1. HP: 13/13 MP: 8/8
   105 | D:1      | Reached XP level 2. HP: 19/19 MP: 6/10
   212 | D:1      | Found an ornate altar of the Wu Jian Council.
   303 | D:1      | Reached XP level 3. HP: 25/25 MP: 2/11
   826 | D:2      | Reached skill level 1 in Invocations
  1096 | D:2      | Reached skill level 1 in Fighting
  1096 | D:2      | Reached skill level 1 in Short Blades
  1096 | D:2      | Reached skill level 1 in Long Blades
  1096 | D:2      | Reached skill level 1 in Axes
  1096 | D:2      | Reached skill level 1 in Maces & Flails
  1096 | D:2      | Reached skill level 1 in Polearms
  1096 | D:2      | Reached skill level 1 in Staves
  1096 | D:2      | Reached skill level 1 in Slings
  1096 | D:2      | Reached skill level 1 in Bows
  1096 | D:2      | Reached skill level 1 in Crossbows
  1096 | D:2      | Reached skill level 1 in Throwing
  1096 | D:2      | Reached skill level 1 in Armour
  1096 | D:2      | Reached skill level 1 in Shields
  1096 | D:2      | Reached skill level 1 in Unarmed Combat
  1096 | D:2      | Reached skill level 1 in Evocations
  1199 | D:2      | Found a sparkling altar of Nemelex Xobeh.
  1207 | D:2      | Reached XP level 4. HP: 31/32 MP: 8/13
  1267 | D:2      | Found a snail-covered altar of Cheibriados.
  1282 | D:2      | Found a hide-covered altar of Uskayaw.
  1314 | D:3      | Found a glowing drain.
  1506 | D:3      | Learned a level 2 spell: Blink
  1510 | D:3      | Learned a level 3 spell: Conjure Flame
  1514 | D:3      | Learned a level 3 spell: Mephitic Cloud
  1527 | Sewer    | Entered a sewer
  1558 | Sewer    | Reached skill level 1 in Hexes
  1558 | Sewer    | Reached skill level 1 in Charms
  1558 | Sewer    | Reached skill level 1 in Necromancy
  1558 | Sewer    | Reached skill level 1 in Transmutations
  1558 | Sewer    | Reached skill level 1 in Fire Magic
  1558 | Sewer    | Reached skill level 1 in Ice Magic
  1558 | Sewer    | Reached skill level 1 in Air Magic
  1558 | Sewer    | Reached skill level 1 in Earth Magic
  1558 | Sewer    | Reached skill level 1 in Poison Magic
  1699 | Sewer    | Noticed a big kobold
  1881 | Sewer    | Killed a big kobold
  1881 | Sewer    | Reached XP level 5. HP: 27/37 MP: 0/14
  2194 | Sewer    | Noticed a big kobold
  2207 | Sewer    | Reached XP level 6. HP: 39/44 MP: 5/16
  2351 | Sewer    | Reached skill level 5 in Dodging
  2833 | D:3      | Reached XP level 7. HP: 42/50 MP: 7/18
  2839 | D:3      | Noticed Ijyb
  2893 | D:3      | Killed Ijyb
  3319 | D:2      | Found a white marble altar of Elyvilon.
  3319 | D:2      | Found an ornate altar of the Wu Jian Council.
  3322 | D:2      | Found a stormy altar of Qazlal.
  3324 | D:2      | Became a worshipper of Cheibriados the Contemplative
  3491 | D:3      | Found a shimmering blue altar of Sif Muna.
  3692 | D:4      | Found a burning altar of Makhleb.
  3971 | D:4      | Noticed Menkaure
  4078 | D:4      | Found a shadowy altar of Dithmenos.
  4152 | D:4      | Noticed Pikel
  4185 | D:4      | Killed Pikel
  4185 | D:4      | Reached skill level 5 in Stealth
  4185 | D:4      | Reached XP level 8. HP: 34/58 MP: 13/19
  4299 | D:4      | Noticed Edmund
  4302 | D:4      | Noticed Sigmund
  4611 | D:4      | Killed Sigmund
  4717 | D:4      | Killed Edmund
  4975 | D:4      | Found Sanakk's Gadget Emporium.
  5136 | D:5      | Entered Level 5 of the Dungeon
  5146 | D:5      | Noticed Eustachio
  5169 | D:5      | Killed Eustachio
  5169 | D:5      | Reached skill level 8 in Spellcasting
  5450 | D:5      | Noticed Duvessa
  5450 | D:5      | Noticed Dowan
  5469 | D:5      | Killed Duvessa
  5469 | D:5      | Reached XP level 9. HP: 34/65 MP: 10/21
  5471 | D:5      | Killed Dowan
  5471 | D:5      | Reached * piety under Cheibriados
  6364 | D:6      | Found a staircase to the Ecumenical Temple.
  6459 | D:6      | Reached ** piety under Cheibriados
  6592 | Temple   | Entered the Ecumenical Temple
  7365 | D:6      | Reached *** piety under Cheibriados
  7642 | D:6      | Reached skill level 5 in Invocations
  7657 | D:6      | Found a sacrificial altar of Ru.
  7715 | D:6      | Found a runed translucent gate.
  7715 | D:6      | Found a runed translucent gate.
  7715 | D:6      | Found a runed translucent gate.
  7716 | D:6      | Noticed MordorOrchid's ghost (novice MiCK)
  8004 | D:7      | Reached XP level 10. HP: 59/73 MP: 13/22
  8051 | D:7      | Reached **** piety under Cheibriados
  8053 | D:7      | Found an ancient bone altar of Kikubaaqudgha.
  8640 | D:8      | Noticed a two-headed ogre
  8688 | D:7      | Mangled by a two-headed ogre

Levels and vault maps discovered:
D:1:      onia_arrival_pyramid, layout_loops_ring, minmay_hexomino_r4
D:2:      layout_rooms, nicolae_overflow_hidden_temple,
          chequers_serial_rivers_micro_c, nemelex_dance_club_becter
D:3:      layout_rooms, tgw_sif, portal_sewer_entry_a,
          kennysheep_generic_room_7, uniq_ijyb
D:4:      kennysheep_spiral_hall, layout_basic, nicolae_dithmenos_shadow_blocks,
          serial_shops, shop, makhleb_heckhound_becter, uniq_menkaure,
          uniq_pikel, uniq_sigmund, uniq_edmund
D:5:      layout_basic, first_ration, grunt_decor_fettered, due_unseen_surprise,
          uniq_eustachio, uniq_duvessa
D:6:      old_forge, layout_loops_corners, kennysheep_mini_moat, temple_pool_b,
          gammafunk_ghost_nasty_kobolds, lightli_corner_chamber
D:7:      layout_cave_pools, nicolae_overflow_crystal_walls
D:8:      layout_loops_ring, kennysheep_mini
Temple:   cyrus_temple_forest

Skill      XL: |  1  2  3  4  5  6  7  8  9 10 |
---------------+-------------------------------+-----
Conjurations   | 2 3 4 |  4.6
Summonings     | 2 3 4 |  4.6
Translocations | 2 3 4 |  4.6
Invocations    | 1 2 3 4 5 |  5.3
Fighting       | 1 2 3 4 |  4.8
Short Blades   | 1 2 3 4 |  4.8
Long Blades    | 1 2 3 4 |  4.8
Axes           | 1 2 3 4 |  4.8
Maces & Flails | 1 2 3 4 |  4.8
Polearms       | 1 2 3 4 |  4.8
Staves         | 1 2 3 4 |  4.8
Slings         | 1 2 3 4 |  4.8
Bows           | 1 2 3 4 |  4.8
Crossbows      | 1 2 3 4 |  4.8
Throwing       | 1 2 3 4 |  4.8
Armour         | 1 2 3 4 |  4.8
Shields        | 1 2 3 4 |  4.8
Unarmed Combat | 1 2 3 4 |  4.8
Evocations     | 1 2 3 4 |  4.8
Hexes          | 1 2 3 4 |  4.0
Charms         | 1 2 3 4 |  4.0
Necromancy     | 1 2 3 4 |  4.0
Transmutations | 1 2 3 4 |  4.0
Fire Magic     | 1 2 3 4 |  4.0
Ice Magic      | 1 2 3 4 |  4.0
Air Magic      | 1 2 3 4 |  4.0
Earth Magic    | 1 2 3 4 |  4.0
Poison Magic   | 1 2 3 4 |  4.0
Dodging        | 5 6 |  6.7
Stealth        | 5 6 |  6.5
Spellcasting   | 8 |  8.7

Action                   |  1- 3 |  4- 6 |  7- 9 | 10-12 || total
-------------------------+-------+-------+-------+-------++-------
Melee: Dagger            |     6 |    27 |   145 |    44 ||   222
       Bite              |       |     2 |    16 |     6 ||    24
       Punch             |       |       |     3 |     2 ||     5
 Cast: Magic Dart        |    75 |   189 |   388 |    20 ||   672
       Mephitic Cloud    |       |       |    16 |     2 ||    18
       Conjure Flame     |       |       |     7 |     1 ||     8
       Blink             |       |       |       |     4 ||     4
  Use: Potion            |       |       |     2 |     3 ||     5
 Stab: Confused          |       |       |     5 |     1 ||     6
       Sleeping          |       |       |     1 |       ||     1
  Eat: Chunk             |     1 |     5 |    10 |       ||    16
       Ration            |       |       |     1 |       ||     1
Armor: Robe              |     2 |     5 |    38 |    12 ||    57
Dodge: Dodged            |    16 |    30 |   209 |    80 ||   335

Table legend:
 A = Non-vault XP
 B = Vault XP
 C = Vault XP percentage of total XP
 D = Non-vault monster count
 E = Vault monster count
 F = Vault count percentage of total count
                 A         B        C        D         E       F
            +---------+---------+-------+---------+---------+-------
      Total |    2879 |    2204 |  43.4 |     147 |      66 |  31.0
            +---------+---------+-------+---------+---------+-------
        D:1 |      38 |       7 |  15.6 |      23 |       4 |  14.8
        D:2 |      38 |      10 |  20.8 |      18 |       2 |  10.0
        D:3 |     170 |     102 |  37.5 |      30 |       9 |  23.1
        D:4 |     141 |     913 |  86.6 |       9 |       6 |  40.0
        D:5 |     600 |     394 |  39.6 |      19 |       3 |  13.6
        D:6 |    1065 |     318 |  23.0 |      31 |      14 |  31.1
        D:7 |     823 |       0 |   0.0 |      15 |       0 |   0.0
        D:8 |       4 |       0 |   0.0 |       2 |       0 |   0.0
      Sewer |       0 |     460 | 100.0 |       0 |      28 | 100.0
            +---------+---------+-------+---------+---------+-------
